 Seeded DCSS version 0.30-a0-953-g5f1da4a474 (webtiles) character file.

Game seed: 20230327 (custom seed)

13032 GigaChad the Severer (level 11, -5/97 (99) HPs)
             Began as a Minotaur Fighter on Mar 27, 2023.
             Was an Initiate of Gozag.
             Slain by Snorg (11 damage)
             ... on level 10 of the Dungeon on Mar 28, 2023.
             The game lasted 00:21:03 (10373 turns).

GigaChad the Severer (Minotaur Fighter)            Turns: 10373, Time: 00:21:04

HP:   -5/97 (99)    AC: 29    Str: 25    XL:     11   Next: 70%
MP:   10/10         EV:  9    Int:  2    God:    Gozag
Gold: 384           SH:  9    Dex: 10    Spells: 10/10 levels left

rFire   . . .      SeeInvis .    a - +0 war axe (heavy)
rCold   . . .      Faith    .    c - +3 buckler
rNeg    . . .      Spirit   .    u - +18 Lear's hauberk
rPois   .          Reflect  .    (helmet currently unavailable)
rElec   .          Rampage  .    (no cloak)
rCorr   .          Rage     50%  (gloves currently unavailable)
Will    ++...                    (boots currently unavailable) Stlth
                                 J - necklace of Bloodlust {Fury *Rage Will++ Int-3 Slay+6}
HPRegen 0.36/turn                (no ring)
MPRegen 0.12/turn                (no ring)

@: on berserk cooldown, lightly drained
A: horns 2, retaliatory headbutt
a: Renounce Religion, Potion Petition, Call Merchant, Bribe Branch


You were on level 10 of the Dungeon.
You worshipped Gozag.
Gozag was aware of your devotion.
You visited 2 branches of the dungeon, and saw 11 of its levels.
You also visited: Ossuary.

You collected 1687 gold pieces.
You spent 498 gold pieces at shops.
You paid 805 gold pieces to Gozag.

Inventory:

Hand Weapons
 a - a +0 heavy war axe (weapon)
 h - the +5 flail of the Evening {spect, rF++}
   (You found it on level 6 of the Dungeon)

   rF:        It greatly protects you from fire.
 n - a +0 arbalest
 F - a +0 heavy scimitar
 K - a +5 scimitar of freezing
 L - a +3 great sword of protection
 M - a +0 battleaxe
 N - a +0 scimitar of flaming
 T - a +1 eveningstar of draining
Armour
 b - a +0 scale mail
 c - a +3 buckler (worn)
 u - the +18 Lear's hauberk (worn)
   (You found it on level 4 of the Dungeon)
 O - a +1 robe of willpower
Jewellery
 j - a ring of fire
 C - a ring of ice
 J - the necklace of Bloodlust (around neck) {Fury *Rage Will++ Int-3 Slay+6}
   (You bought it in a shop on level 1 of the Dungeon)

   [amulet of nothing]

   Fury:      It extends the wearer's berserk rage when killing foes.
   Int:       It affects your intelligence (-3).
   Slay:      It affects your accuracy & damage with ranged weapons and melee
   (+6).
   *Rage:     It berserks you when you make melee attacks (+50% chance).
   Will:      It greatly increases your willpower.
 Q - a ring of resist corrosion
Wands
 B - a wand of flame (10)
 P - a wand of paralysis (19)
Scrolls
 f - 3 scrolls of immolation
 o - 2 scrolls of fog
 p - 4 scrolls of magic mapping
 q - 2 scrolls of poison
 t - 4 scrolls of torment
 A - 3 scrolls of enchant armour
 H - a scroll of fear
 I - 2 scrolls of amnesia {unknown}
 R - a scroll of identify
 S - a scroll of acquirement {unknown}
Potions
 d - 4 potions of might
 e - 8 potions of curing
 g - a potion of invisibility {unknown}
 i - 5 potions of degeneration
 k - 2 potions of flight {unknown}
 l - 4 potions of brilliance
 m - 3 potions of lignification {unknown}
 r - 5 potions of heal wounds
 s - 4 potions of berserk rage {unknown}
 v - 2 potions of haste
 w - a potion of mutation {unknown}
 x - 2 potions of resistance {unknown}
 z - a potion of cancellation {unknown}
 D - 3 potions of attraction {unknown}
 G - a potion of ambrosia {unknown}


   Skills:
 + Level 9.7 Fighting
 + Level 15.1 Axes
 + Level 10.6 Armour
 + Level 4.4 Dodging
 + Level 2.5 Stealth
 + Level 9.1 Shields


You had 10 spell levels left.
You didn't know any spells.
Your spell library contained the following spells:

 Spells                   Type           Power      Damage    Failure   Level
 Foxfire                  Conj/Fire      0%         2x1d2     98%         1
 Sting                    Tmut/Pois      0%         1d3       98%         1
 Poisonous Vapours        Pois/Air       0%         N/A       99%         2
 Kindle Blastsparks       Fire/Tloc/Air  0%         2d10      100%        3
 Portal Projectile        Hex/Tloc       0%         N/A       100%        3
 Tukima's Dance           Hex            0%         N/A       100%        3
 Fulminant Prism          Conj/Hex       0%         3d5       100%        4
 Iskenderun's Mystic Bla  Conj/Tloc      0%         2d3       100%        4
 Olgreb's Toxic Radiance  Pois           0%         N/A       100%        4
 Blade Hands              Tmut           0%         N/A       100%        5
 Fireball                 Conj/Fire      0%         3d3       100%        5
 Freezing Cloud           Conj/Ice/Air   0%         6-21      100%        5
 Lee's Rapid Deconstruct  Erth           0%         3d4*      100%        5
 Starburst                Conj/Fire      0%         6d3       100%        6
 Borgnjor's Revivificati  Necr           0%         N/A       100%        8
 Necromutation            Tmut/Necr      0%         N/A       100%        8
 Chain Lightning          Conj/Air       0%         N/A       100%        9
 Death's Door             Necr           0%         N/A       100%        9
 Fire Storm               Conj/Fire      0%         5d1       100%        9
 Polar Vortex             Ice            0%         N/A       100%        9
 Shatter                  Erth           0%         3d5*      100%        9
 Simulacrum               Ice/Necr       Unusable   N/A       N/A         6

Dungeon Overview and Level Annotations

Branches:
Dungeon (10/15)            Temple (1/1) D:5             Orc (0/2) D:9
Ossuary (visited)
   Lair: D:8-11

Altars:
Ashenzari
Cheibriados
Dithmenos
Elyvilon
Fedhas
Gozag
Hepliaklqana
Kikubaaqudgha
Makhleb
Nemelex Xobeh
Okawaru
Qazlal
Ru
Sif Muna
Trog
Uskayaw
Vehumet
Wu Jian
Xom
Yredelemnul
Zin
The Shining One

Shops:
D:1 *=:*=   D:9 =

Annotations:
D:7 3 runed translucent doors, EonDragon20's ghost, novice MfTm
D:9 exclusion: statue
D:10 Lodul; Snorg


Innate Abilities, Weirdness & Mutations

You have a pair of horns on your head.
You reflexively headbutt those who attack you in melee.


Message History

You furiously retaliate!
You headbutt the ogre!
You kill the ogre!
Blink to where?
Press: ? - help, Dir - move target
As you read the scroll of blinking, it crumbles to dust.
As you read the scroll of teleportation, it crumbles to dust.
You feel strangely unstable.
Your surroundings suddenly seem different.
Found 17 gold pieces.
You start resting.
You feel yourself speed up.
You start resting.
Lodul is nearby!
Lodul is nearby!
Lodul is nearby!
Electricity crackles from Lodul's apparatus.
The bolt of lightning hits you!
Snorg the Insatiable comes into view.
There are monsters nearby!
Snorg smiles kindly.
There are monsters nearby!
There are monsters nearby!
Electricity crackles from Lodul's apparatus.
The bolt of lightning hits you!
* * * LOW HITPOINT WARNING * * *
Snorg draws her long claws delicately across her gut.
Lodul grins wickedly and says, "Money make world go round."
Snorg goes berserk!
The ogre shouts!
Snorg rages.
The ogre shouts!
You cut Snorg into ribbons!!! You headbutt Snorg!
Snorg is moderately wounded.
You barely miss Lodul. Snorg bites you!
* * * LOW HITPOINT WARNING * * *
Snorg claws you.
* * * LOW HITPOINT WARNING * * *
Snorg claws you!
You die...
Your body crumbles into a pile of gold.

.......... .......... ...
#.........# #.. ...
#.........#####.. ....
#................ .....
#................
.....#####................
........T@....###.........
.........O...#####........
.............#####........
.............#####....###.
$.............###....#####
.....................#####
...........O.O.).....#####
$
..........O...........###.
####....###...............


You could see Snorg (berserk), Lodul and 3 ogres.

Vanquished Creatures
  Erolcha (D:10)
  Erica (D:8)
  2 two-headed ogres
  A centaur warrior (D:10)
  Urug (D:10)
  Pikel (D:4)
  An ugly thing (D:10)
  A komodo dragon (D:10)
  A troll (D:9)
  2 hornets
  Sigmund (D:5)
  A shadow (D:9)
  9 yaks
  Eustachio (D:4)
  A steam dragon (D:7)
  Menkaure (D:5)
  An acid dragon (D:8)
  Duvessa (D:4)
  A water moccasin (D:9)
  An ice beast (D:6)
  4 orc warriors
  3 centaurs
  4 ogres
  A lemure (D:4)
  A phantom (D:5)
  2 kobold brigands
  Blork the orc (D:5)
  4 bullfrogs
  4 wyvern zombies
  5 scorpions
  13 wights
  Dowan (D:4)
  11 killer bees
  8 electric eels
  A howler monkey (D:6)
  7 bullfrog zombies (Ossuary)
  9 centaur zombies
  A hound (D:5)
  5 jellies
  7 orc priests
  A gnoll bouda (D:9)
  A sleepcap (D:7)
  2 iguanas
  6 orc wizards
  Natasha (thrice) (D:4)
  8 killer bee zombies
  13 mummies
  9 howler monkey zombies
  8 adders
  4 gnolls (D:9)
  3 white imps
  A worm (D:2)
  2 dart slugs
  15 orcs
  4 ball pythons
  6 bats
  4 endoplasms
  5 giant cockroaches
  9 goblins
  6 hobgoblins
  2 jackals (D:2)
  2 quokkas
  3 frilled lizards
  13 kobolds
  4 rats
256 creatures vanquished.

Vanquished Creatures (others)
  2 orcs (D:7)
  5 plants (D:6)
  8 withered plants
15 creatures vanquished.

Grand Total: 271 creatures vanquished

Notes
Turn   | Place    | Note
-------+----------+-------------------------------------------
     0 | D:1      | GigaChad the Minotaur Fighter began the quest for the Orb.
     0 | D:1      | Reached XP level 1. HP: 19/19 MP: 0/0
     4 | D:1      | Found Xoclunid's Book Emporium.
    31 | D:1      | Found Aqium's General Store.
   100 | D:1      | Found Wostryiz's General Store.
   174 | D:1      | Reached XP level 2. HP: 26/27 MP: 1/1
   199 | D:1      | Found a faded altar of an unknown god.
   282 | D:1      | Found Muif's Jewellery Shop.
   545 | D:1      | Found Uvvotic's Jewellery Boutique.
   564 | D:1      | Reached XP level 3. HP: 33/33 MP: 2/2
  1052 | D:2      | Found a white marble altar of Elyvilon.
  1546 | D:3      | Reached skill level 3 in Axes
  1855 | D:3      | Reached skill level 1 in Dodging
  1855 | D:3      | Reached XP level 4. HP: 41/41 MP: 3/3
  2104 | D:4      | Found the +18 Lear's hauberk
  2180 | D:4      | Found a sand-covered staircase.
  2192 | Ossuary  | Entered an ossuary
  2213 | Ossuary  | Reached skill level 5 in Armour
  2213 | Ossuary  | Reached XP level 5. HP: 37/47 MP: 4/4
  2218 | Ossuary  | Reached skill level 4 in Axes
  2230 | Ossuary  | Reached skill level 5 in Axes
  2230 | Ossuary  | Reached XP level 6. HP: 38/53 MP: 5/5
  2293 | Ossuary  | Reached skill level 5 in Fighting
  2302 | Ossuary  | Reached skill level 6 in Axes
  2314 | Ossuary  | Reached XP level 7. HP: 61/61 MP: 6/6
  2332 | Ossuary  | Reached skill level 7 in Axes
  2460 | Ossuary  | Reached skill level 1 in Stealth
  2557 | Ossuary  | Reached skill level 8 in Axes
  2612 | D:4      | You fall into a shaft and drop 1 floor!
  2612 | D:5      | Entered Level 5 of the Dungeon
  2612 | D:5      | Found a shimmering altar of Xom.
  2612 | D:5      | Found a shimmering altar of Xom.
  2612 | D:5      | Found a shimmering altar of Xom.
  2704 | D:5      | Reached XP level 8. HP: 68/70 MP: 7/7
  2797 | D:5      | Noticed Blork the orc
  2807 | D:5      | Killed Blork the orc
  2808 | D:5      | Reached skill level 5 in Shields
  2828 | D:5      | Noticed Sigmund
  2838 | D:5      | Killed Sigmund
  2839 | D:5      | Reached skill level 9 in Axes
  2968 | D:5      | Found a staircase to the Ecumenical Temple.
  2985 | D:5      | Noticed Menkaure
  2995 | D:5      | Killed Menkaure
  3467 | Temple   | Entered the Ecumenical Temple
  3564 | Temple   | Became a worshipper of Gozag Ym Sagoz the Greedy
  3565 | Temple   | Upgraded the game from 0.30-a0-949-g53dc5368d7 to
                  | 0.30-a0-953-g5f1da4a474
  4040 | D:6      | Reached skill level 10 in Axes
  4258 | D:6      | Identified the +0 flail "Jellybane" {holy, rElec rF+ Str-4
                  | Stlth+}
  4507 | D:6      | Reached XP level 9. HP: 74/78 MP: 8/8
  5502 | D:6      | Identified the +5 flail of the Evening {spect, rF++}
  5729 | D:7      | Noticed a +0 dagger
  5730 | D:7      | Noticed a +0 dagger
  5738 | D:7      | Found a hide-covered altar of Uskayaw.
  5745 | D:7      | Reached skill level 11 in Axes
  6054 | D:7      | Found a runed translucent gate.
  6054 | D:7      | Found a runed translucent gate.
  6054 | D:7      | Found a runed translucent gate.
  6054 | D:7      | Noticed EonDragon20's ghost (novice MfTm)
  6056 | D:7      | Found a basalt altar of Yredelemnul.
  6147 | D:7      | Found a hazy altar of Hepliaklqana.
  6153 | D:7      | Found a glowing silver altar of Zin.
  6249 | D:7      | Reached skill level 12 in Axes
  6282 | D:7      | Found a broken altar of Ashenzari.
  6797 | D:4      | Noticed Eustachio
  6807 | D:4      | Killed Eustachio
  6808 | D:4      | Reached XP level 10. HP: 88/88 MP: 9/9
  6812 | D:4      | Noticed Natasha
  6818 | D:4      | Killed Natasha
  6854 | D:4      | Noticed Pikel
  6869 | D:4      | Killed Pikel
  7001 | D:4      | Found a stormy altar of Qazlal.
  7079 | D:4      | Noticed Duvessa
  7079 | D:4      | Noticed Dowan
  7085 | D:4      | Killed Duvessa
  7085 | D:4      | Killed Dowan
  7231 | D:4      | Noticed Natasha
  7234 | D:4      | Killed Natasha
  7440 | D:4      | Noticed Natasha
  7445 | D:4      | Killed Natasha
  7720 | D:1      | Bought the necklace of Bloodlust {Fury *Rage Will++ Int-3
                  | Slay+6} for 498 gold pieces
  7720 | D:1      | Found the necklace of Bloodlust {Fury *Rage Will++ Int-3
                  | Slay+6}
  8047 | D:8      | Reached skill level 13 in Axes
  8166 | D:8      | Noticed a two-headed ogre
  8172 | D:8      | Killed a two-headed ogre
  8336 | D:8      | Found an iron altar of Okawaru.
  8358 | D:8      | Noticed Erica
  8364 | D:8      | Killed Erica
  8661 | D:8      | Reached XP level 11. HP: 95/95 MP: 10/10
  8842 | D:9      | Reached skill level 14 in Axes
  8850 | D:9      | Noticed a two-headed ogre
  8857 | D:9      | Killed a two-headed ogre
  9312 | D:9      | Found a radiant altar of Vehumet.
  9717 | D:9      | Found a staircase to the Orcish Mines.
  9802 | D:10     | Entered Level 10 of the Dungeon
  9802 | D:10     | Noticed a brown ugly thing
  9811 | D:10     | Killed a brown ugly thing
  9891 | D:10     | Noticed a centaur warrior
  9902 | D:10     | Killed a centaur warrior
  9903 | D:10     | Reached skill level 10 in Armour
 10053 | D:10     | Noticed Erolcha
 10061 | D:10     | Killed Erolcha
 10146 | D:10     | Noticed Urug
 10157 | D:10     | Killed Urug
 10324 | D:10     | Reached skill level 15 in Axes
 10338 | D:10     | Noticed Lodul
 10364 | D:10     | Noticed Snorg
 10373 | D:10     | Slain by Snorg

Illustrated notes

Levels and vault maps discovered:
D:1:      doesnt_arrival_eight_statues, layout_basic, serial_shops,
          nicolae_shop_advertising_works [nicolae_subvault_shop_adworks], shop,
          nicolae_lakefront_shop, shop, shop,
          shapermc_ecumenical_altar_notcrosses
D:2:      minmay_spotlight, layout_basic, basic_altar
D:3:      layout_loops_cross, st_stairs_7
D:4:      layout_basic, nicolae_qazlal_style_of_elements,
          gup_ossuary_entry_pyramid, uniq_eustachio, uniq_natasha, uniq_pikel,
          uniq_duvessa
D:5:      layout_rooms, xom_redecorated, minmay_temple_entry_mini_moons,
          uniq_sigmund, uniq_menkaure, uniq_blork_the_orc
D:6:      cheibrodos_two_vegetables, layout_gridville
D:7:      layout_loops_ring, ashenzari_conservatory_becter,
          dancing_weapons_uskayaw, nicolae_yredelemnul_ghost_church,
          mainiacjoe_overflow_large_starburst, water_boxes_lemuel
D:8:      layout_basic, lemuel_round_altar, serial_undead, serial_undead_f,
          serial_undead_c, serial_undead_b, serial_undead_e, grunt_tough_drop,
          uniq_erica
D:9:      layout_basic, vehumet_statue, orc_0_dummy, grunt_decor_arrowhead
D:10:     layout_big_octagon, uniq_lodul, uniq_maggie, uniq_snorg, uniq_erolcha,
          uniq_urug
Temple:   oiseaux_autumnal_temple

Skill      XL: |  1  2  3  4  5  6  7  8  9 10 11 |
---------------+----------------------------------+-----
Armour         | 4 5 6 8 9 10 | 10.6
Shields        | 4 5 6 8 9 |  9.1
Fighting       | 4 5 6 7 8 9 |  9.7
Axes           | 3 5 6 8 10 12 13 15 | 15.1
Dodging        | 1 2 3 4 |  4.4
Stealth        | 1 2 |  2.5

Action                     |  1- 3 |  4- 6 |  7- 9 | 10-12 || total
---------------------------+-------+-------+-------+-------++-------
  Melee: War axe           |    93 |    73 |   235 |   170 ||   571
         Headbutt          |     8 |    18 |    34 |    35 ||    95
 Invoke: Call Merchant     |       |       |       |     1 ||     1
    Use: Scroll            |     4 |     3 |    11 |     6 ||    24
   Stab: Distracted        |       |       |       |     1 ||     1
 Armour: Scale mail        |    37 |     6 |       |       ||    43
         Chain mail        |       |    61 |   161 |   112 ||   334
  Dodge: Dodged            |    49 |    32 |    74 |    67 ||   222
  Block: Buckler           |    20 |    40 |    78 |    80 ||   218

Table legend: (Time is in decaauts)
 A = Elapsed time spent in this place.
 B = Non-inter-level travel time spent in this place.
 C = Inter-level travel time spent in this place.
 D = Time resting spent in this place.
 E = Time spent auto-exploring this place.
 F = Levels seen in this place.
 G = Mean time per level.
                   A        B        C        D        E       F      G
               +--------+--------+--------+--------+--------+-----+--------+
         Total |  10763 |  10100 |    663 |   1752 |   6025 |  12 |  896.9 |
       Dungeon |  10017 |   9387 |    630 |   1746 |   5566 |  10 | 1001.7 |
        Temple |    297 |    264 |     33 |      0 |    235 |   1 |  297.0 |
       Ossuary |    448 |    448 |      0 |      6 |    224 |   1 |  448.0 |
               +--------+--------+--------+--------+--------+-----+--------+

Top non-repeatable levels by time:
     D:6: 1800 daAuts
     D:7: 1152 daAuts
     D:8: 1096 daAuts
     D:1: 1072 daAuts
     D:5: 1068 daAuts
     D:9: 1008 daAuts
     D:4: 843 daAuts
     D:2: 724 daAuts
    D:10: 628 daAuts
     D:3: 622 daAuts
 Ossuary: 448 daAuts
  Temple: 297 daAuts
